 Dungeon Crawl Stone Soup version 0.31-a0-277-g31ea1f65cc (webtiles) character file.

Game seed: 4859480300426266631

919 LustLizard the Ruffian (level 8, 0/54 HPs)
             Began as an Octopode Shapeshifter on July 15, 2023.
             Was a Follower of Uskayaw.
             Slain by Sigmund
             ... wielding a +0 scythe
              (5 damage)
             ... on level 5 of the Dungeon.
             The game lasted 00:08:30 (4182 turns).

LustLizard the Ruffian (Octopode Shapeshifter)      Turns: 4182, Time: 00:08:31

Health: 0/54       AC:  1    Str: 16    XL:     8   Next: 9%
Magic:  19/19      EV: 19    Int: 11    God:    Uskayaw [*.....]
Gold:   215        SH:  0    Dex: 18    Spells: 5/7 levels left

rFire   . .          .
                       - Unarmed
rCold   . . .        (no shield)
rNeg    . . .        (helmet currently unavailable)
rPois   .            (no amulet)
rElec   .            h - +6 ring of dexterity
rCorr   .            j - +5 ring of evasion
SInv    .            t - ring of magical power
Will    .....        (no ring)
Stlth   +++          (no ring)
HPRegen 0.29/turn    (no ring)
MPRegen 0.16/turn    (no ring)
                     (no ring)

%: no passive effects
@: about to teleport, beast-form
A: beast (slay +2), almost no armour, amphibious, 8 rings, camouflage 1,
gelatinous body 1, (nimble swimmer 1), tentacles
a: Begin Untransformation, Renounce Religion, Stomp


You were on level 5 of the Dungeon.
You worshipped Uskayaw.
Uskayaw was noncommittal.
You were a hulking beast.
You visited 2 branches of the dungeon, and saw 7 of its levels.
You also visited: Ossuary.

You collected 215 gold pieces.

Inventory:

Jewellery
 h - a +6 ring of dexterity (left tentacle)
 j - a +5 ring of evasion (right tentacle)
 t - a ring of magical power (on tentacle)
Talismans
 b - a beast talisman
Wands
 m - a wand of digging (3)
 q - a wand of charming (7)
Scrolls
 c - 2 scrolls of enchant weapon {unknown}
 d - a scroll of teleportation
 e - 3 scrolls of identify
 f - 2 scrolls of immolation {unknown}
 k - 2 scrolls of fog {unknown}
 l - a scroll of amnesia {unknown}
 o - a scroll of blinking {unknown}
Potions
 a - 4 potions of lignification
 g - 4 potions of brilliance
 i - a potion of ambrosia
 n - 2 potions of enlightenment
 p - a potion of berserk rage
 r - a potion of resistance


   Skills:
 + Level 4.1 Fighting
 - Level 2.9 Dodging
 * Level 5.4 Unarmed Combat
 - Level 2.8 Translocations
 * Level 3.7 Invocations
 + Level 4.2 Shapeshifting


You had 5 spell levels left.
You knew the following spells:

 Your Spells              Type           Power      Damage    Failure   Level
a - Blink                 Tloc           12%        N/A       17%         2

Your spell library contained the following spells:

 Spells                   Type           Power      Damage    Failure   Level
 Lesser Beckoning         Tloc           12%        N/A       17%         2
 Momentum Strike          Conj/Tloc      6%         3d8       30%         2


Dungeon Overview and Level Annotations

Branches:
Dungeon (6/15)             Temple (1/1) D:4         Ossuary (visited)

Altars:
Cheibriados
Elyvilon
Gozag
Qazlal
Ru
Trog
Uskayaw
Xom
Zin
The Shining One

Shops:
D:2 *

Annotations:
D:3 2 runed translucent doors, AwFulAwFulPlayer's ghost, amateur GrDe; Natasha
D:5 Sigmund


Innate Abilities, Weirdness & Mutations

You are a hulking beast.
Your limbs bulge with bestial killing power. (Slay +2)
You cannot wear most types of armour.
You are amphibious.
You can wear up to eight rings at the same time.
Your skin changes colour to match your surroundings (Stealth+).
Your rubbery body absorbs attacks. (AC +1, EV +1)
((You are camouflaged when in or above water. (Stealth+)))
You have tentacles for arms and can constrict up to eight enemies at once.


Message History

You bludgeon the orc!
You kill the orc!
The orc closely misses you. Something hits you.
You tentacle-slap the orc. Your grab misses the orc.
Your squeeze misses the orc.
The orc is moderately wounded.
The orc closely misses you.
You bludgeon the orc!
You kill the orc!
Something hits you!
You hear a zap.
A puff of flame appears from out of thin air!
The puff of flame hits you.
You hear some strange, mumbled words.
Something tries to affect you, but you resist.
Items here: )) [ †.
A hound and an orc come into view.
The hound barks!
The orc shouts!
You hear a shout!
The orc priest casts a cantrip, but nothing happens.
Something hits you!
An orc wizard comes into view. It is wielding a +0 dagger.
You closely miss something. You squeeze something. Something barely misses you.
You barely miss something. The hound completely misses you.
The orc wizard points at you and mumbles some strange words.
The magic dart hits something!
You miss something. The hound barely misses you.
You hear a zap.
A puff of flame appears from out of thin air!
The puff of flame misses you. The hound misses you.
You barely miss something. The hound bites you. Something hits you!
* * * LOW HITPOINT WARNING * * *
Unknown command.
The hound attacks as you move away! The hound closely misses you.
The hound misses you. Something hits you.
* * * LOW HITPOINT WARNING * * *
Items here: )) [ †.
The hound attacks as you move away! The hound closely misses you.
As you read the scroll of teleportation, it crumbles to dust.
You feel strangely unstable. The hound barely misses you. Something hits you.
You die...

...##. #....# #....#
####### .....# #......
######....### +......
............##.### #......
........#........#.###....
......).#.#.##...#.# #.###
........#h#.##...#.# #....
........#h#.##...#.# ####.
#.{o#.##...#.# ###.
#oo.......##.####...
#....#...#.##....#.##
#....###...#.....#.#
#....# ##..#.#...#.#
#....# ##...#...#.# #....#
#..##...#.#


You could see a hound, an orc priest, an orc wizard and an orc.

Vanquished Creatures
  Eustachio (D:4)
  Menkaure (D:4)
  An ogre (D:4)
  A scorpion (D:4)
  4 wights (Ossuary)
  2 orc priests
  2 hounds
  A sleepcap (D:4)
  Ijyb (D:3)
  2 orc wizards
  An adder (D:2)
  3 gnolls (D:5)
  An adder zombie (Ossuary)
  A dart slug (D:1)
  9 orcs
  6 ball pythons
  4 bats
  7 endoplasms
  3 giant cockroaches (D:2)
  2 goblins
  3 hobgoblins
  2 jackals (D:4)
  4 kobolds
  3 quokkas
  3 ball python skeletons (Ossuary)
  5 frilled lizards
  A hobgoblin zombie (Ossuary)
  2 orc skeletons (Ossuary)
  An orc zombie (Ossuary)
  4 rats
81 creatures vanquished.

Notes
Turn   | Place    | Note
-------+----------+-------------------------------------------
     0 | D:1      | LustLizard the Octopode Shapeshifter began the quest for
                  | the Orb.
     0 | D:1      | Reached XP level 1. HP: 14/14 MP: 1/1
   442 | D:1      | Reached XP level 2. HP: 19/19 MP: 2/2
   917 | D:2      | Reached XP level 3. HP: 25/25 MP: 3/3
  1049 | D:2      | Found Saogidats's General Store.
  1203 | D:2      | Reached skill level 3 in Unarmed Combat
  1335 | D:3      | Found a large runed translucent door.
  1488 | D:3      | Learned a level 2 spell: Blink
  1583 | D:3      | Noticed Natasha
  1600 | D:3      | Reached XP level 4. HP: 26/30 MP: 4/4
  2056 | D:3      | Found a large runed translucent door.
  2057 | D:3      | Noticed AwFulAwFulPlayer's ghost (amateur GrDe)
  2061 | D:3      | Noticed Ijyb
  2074 | D:3      | Killed Ijyb
  2126 | D:3      | You fall into a shaft and drop 3 floors!
  2133 | D:5      | Entered Level 5 of the Dungeon
  2141 | D:5      | Reached XP level 5. HP: 13/36 MP: 5/5
  2238 | D:5      | Reached skill level 1 in Translocations
  2337 | D:4      | Reached skill level 4 in Unarmed Combat
  2337 | D:4      | Reached XP level 6. HP: 29/42 MP: 6/6
  2388 | D:4      | Found a sand-covered staircase.
  2406 | D:4      | Found a staircase to the Ecumenical Temple.
  2411 | Temple   | Entered the Ecumenical Temple
  2459 | Temple   | Became a worshipper of Uskayaw the Reveller
  2498 | Ossuary  | Entered an ossuary
  2544 | Ossuary  | Reached * piety under Uskayaw
  2545 | Ossuary  | Reached ** piety under Uskayaw
  2631 | Ossuary  | Reached skill level 1 in Invocations
  2681 | Ossuary  | Noticed a flying skull
  2681 | Ossuary  | Noticed a wraith
  2688 | Ossuary  | Noticed a flying skull
  2725 | Ossuary  | Noticed a flying skull
  2758 | Ossuary  | Reached XP level 7. HP: 39/46 MP: 8/8
  2794 | Ossuary  | Noticed a wraith
  3029 | D:4      | Reached *** piety under Uskayaw
  3448 | D:4      | Noticed Menkaure
  3463 | D:4      | Reached **** piety under Uskayaw
  3464 | D:4      | Killed Menkaure
  3465 | D:4      | Reached skill level 5 in Unarmed Combat
  3579 | D:4      | Noticed Eustachio
  3586 | D:4      | Killed Eustachio
  3641 | D:4      | Found a glowing golden altar of the Shining One.
  3829 | D:4      | Reached XP level 8. HP: 54/54 MP: 10/10
  4161 | D:5      | Noticed Sigmund
  4182 | D:5      | Slain by Sigmund

Illustrated notes

Levels and vault maps discovered:
D:1:      saegor_arrival_simple_b, layout_basic
D:2:      layout_rooms, serial_shops, shop
D:3:      layout_basic, ebering_ghost_disaster_area, uniq_natasha, uniq_ijyb
D:4:      minmay_wonky_spiral, layout_basic, mainiacjoe_overflow_alcove_2,
          minmay_temple_entry_overgrown, enter_ossuary_5, uniq_menkaure,
          uniq_eustachio
D:5:      layout_basic, uniq_edmund, uniq_sigmund
D:6:      cheibrodos_two_vegetables, layout_loops_cross,
          nemelex_spade_bored_becter, uniq_prince_ribbit1, uniq_blork_the_orc
Temple:   bh_familiar_temple

Skill      XL: |  1  2  3  4  5  6  7 |
---------------+----------------------+-----
Unarmed Combat | 3 4 5 |  5.4
Translocations | 1 2 |  2.8
Fighting       | 3 4 |  4.1
Invocations    | 1 3 |  3.7
Shapeshifting  | 4 |  4.2
Dodging        | |  2.9

Action                     |  1- 3 |  4- 6 |  7- 9 || total
---------------------------+-------+-------+-------++-------
  Melee: Unarmed           |    60 |    57 |    58 ||   175
         Constrict         |    16 |    21 |    12 ||    49
         Tentacles         |    11 |    16 |    12 ||    39
         Punch             |     2 |     1 |     1 ||     4
    Use: Scroll            |     1 |     1 |     6 ||     8
         Potion            |       |       |     1 ||     1
   Stab: Sleeping          |    10 |     6 |     4 ||    20
         Paralysed         |       |       |     2 ||     2
 Armour: Skin              |     3 |       |     1 ||     4
  Dodge: Dodged            |    33 |    38 |    47 ||   118
         Form:             |     1 |       |       ||     1
         Beast             |     1 |       |       ||     1

Table legend: (Time is in decaauts)
 A = Elapsed time spent in this place.
 B = Non-inter-level travel time spent in this place.
 C = Inter-level travel time spent in this place.
 D = Time resting spent in this place.
 E = Time spent auto-exploring this place.
 F = Levels seen in this place.
 G = Mean time per level.
                   A        B        C        D        E       F      G
               +--------+--------+--------+--------+--------+-----+--------+
         Total |   4179 |   4107 |     72 |    577 |   2782 |   8 |  522.4 |
       Dungeon |   3612 |   3561 |     51 |    483 |   2509 |   6 |  602.0 |
        Temple |     70 |     49 |     21 |      0 |      0 |   1 |   70.0 |
       Ossuary |    496 |    496 |      0 |     94 |    273 |   1 |  496.0 |
               +--------+--------+--------+--------+--------+-----+--------+

Top non-repeatable levels by time:
     D:4: 1178 daAuts
     D:1: 815 daAuts
     D:3: 790 daAuts
     D:2: 515 daAuts
 Ossuary: 496 daAuts
     D:5: 305 daAuts
  Temple: 70 daAuts
     D:6: 6 daAuts
